 Seeded DCSS version 0.31-a0-632-g766dd24fdf (webtiles) character file.

Game seed: 20230813 (custom seed)

90 a11behringer the Changeling (level 4, -4/36 HPs)
             Began as a Draconian Shapeshifter on Aug 26, 2023.
             Slain by a hobgoblin (6 damage)
             ... led by Robin
             ... on level 3 of the Dungeon.
             The game lasted 00:06:20 (2083 turns).

a11behringer the Changeling (DrSh)                  Turns: 2083, Time: 00:06:23

Health: -4/36      AC:  5    Str: 19    XL:     4   Next: 32%
Magic:  4/4        EV: 12    Int:  9    God:
Gold:   91         SH:  0    Dex: 11    Spells: 3/3 levels left

rFire   . .          .
                       - Unarmed
rCold   . . .        (no shield)
rNeg    . . .        (body armour unavailable)
rPois   .            (helmet currently unavailable)
rElec   .            (cloak currently unavailable)
rCorr   .            (gloves currently unavailable)
SInv    .            (boots currently unavailable)
Will    .....        (no amulet)
Stlth   +            (no ring)
HPRegen 0.26/turn    (no ring)
MPRegen 0.09/turn

%: no passive effects
@: beast-form
A: beast (slay +2), AC +5, unfitting armour, cold-blooded
a: Begin Untransformation


You were on level 3 of the Dungeon.
You were a hulking beast.
You visited 1 branch of the dungeon, and saw 3 of its levels.

You collected 91 gold pieces.

Inventory:

Hand Weapons
 k - the +8 storm bow {elec, penet}
   (You found it on level 2 of the Dungeon)
Talismans
 b - a beast talisman (active)
 c - a flux talisman
 o - a maw talisman
Wands
 l - a wand of polymorph (7)
Scrolls
 d - 3 scrolls of identify {unknown}
 f - 3 scrolls of fog {unknown}
 g - a scroll of poison {unknown}
 h - a scroll of revelation {unknown}
 i - a scroll of silence {unknown}
 m - a scroll of enchant armour {unknown}
 n - a scroll of teleportation {unknown}
 p - 3 scrolls of enchant weapon {unknown}
 r - a scroll of torment {unknown}
Potions
 a - a potion of lignification
 e - a potion of curing {unknown}
 j - a potion of enlightenment {unknown}
 q - a potion of haste {unknown}
 s - a potion of heal wounds {unknown}


   Skills:
 + Level 2.2 Fighting
 + Level 2.4 Dodging
 + Level 3.5 Unarmed Combat
 * Level 3.8 Shapeshifting


You had 3 spell levels left.
You didn't know any spells.
Your spell library was empty.

Dungeon Overview and Level Annotations

Branches:
Dungeon (3/15)

Altars:

Shops:
D:2 =


Innate Abilities, Weirdness & Mutations

You are a hulking beast.
Your limbs bulge with bestial killing power. (Slay +2)
Your plain brown scales are hard. (AC +5)
You cannot fit into any form of body armour.
You are cold-blooded and may be slowed by cold attacks.


Message History

Robin is severely wounded.
Robin barely misses you. The goblin misses you.
The hobgoblin closely misses you. The goblin hits you with a +0 club.
You completely miss Robin.
Robin is severely wounded.
Robin barely misses you. The goblin hits you with a +0 dagger.
The hobgoblin misses you. The goblin barely misses you.
You punch Robin!
You kill Robin!
The goblin hits you but does no damage. The hobgoblin barely misses you.
The goblin misses you.
You hit the hobgoblin. You tail-slap the hobgoblin.
The hobgoblin is moderately wounded.
The hobgoblin hits you.
The goblin hits you but does no damage. x2
The goblin hits you with a +0 club.
You hit the hobgoblin.
The hobgoblin is heavily wounded.
The goblin barely misses you. The goblin closely misses you.
The hobgoblin hits you. x2; The goblin barely misses you.
You punch the hobgoblin!
You kill the hobgoblin!
The goblin misses you. The goblin barely misses you.
The goblin hits you with a +0 dagger. The hobgoblin hits you.
The goblin hits you with a +0 club.
* * * LOW HITPOINT WARNING * * *
You punch the hobgoblin!
You kill the hobgoblin!
The goblin no longer looks unusually strong.
The hobgoblin closely misses you. The goblin hits you with a +0 dagger.
* * * LOW HITPOINT WARNING * * *
The goblin hits you with a +0 club.
* * * LOW HITPOINT WARNING * * *
The goblin closely misses you.
A goblin comes into view. It is wielding a +0 dagger.
The goblin shouts!
The hobgoblin no longer looks unusually strong.
The goblin hits you with a +0 club.
* * * LOW HITPOINT WARNING * * *
The hobgoblin hits you.
You die...

.. #')....'##..##
#.#...#####...#..#
#...#.#? #.#....##
#####.#..
#.#.....# .#.#..
#)#...#.#
...##'##...#.# #
#+....g'##.....
#.#ggg#$# #.#.
#.?.gh### #
...#...#gg.#
....... .#.....
....#.. #. ...#
###...# .# ###
#### ##


You could see 2 hobgoblins and 5 goblins.

Vanquished Creatures
  Jessica (D:2)
  Robin (D:3)
  A worm (D:2)
  2 dart slugs
  2 orcs (D:3)
  3 bats
  A giant cockroach (D:1)
  6 goblins
  6 hobgoblins
  2 jackals (D:2)
  2 kobolds
  3 quokkas
  6 ball pythons
  4 rats (D:1)
40 creatures vanquished.

Notes
Turn   | Place    | Note
-------+----------+-------------------------------------------
     0 | D:1      | a11behringer the Draconian Shapeshifter began the quest for
                  | the Orb.
     0 | D:1      | Reached XP level 1. HP: 16/16 MP: 1/1
   249 | D:1      | Reached XP level 2. HP: 22/23 MP: 2/2
  1266 | D:2      | Noticed Jessica
  1299 | D:2      | Found the +8 storm bow {elec, penet}
  1322 | D:2      | Killed Jessica
  1323 | D:2      | Reached XP level 3. HP: 22/29 MP: 3/3
  1568 | D:2      | Found a faded altar of an unknown god.
  1601 | D:2      | Found Esiriaz's Jewellery Shop.
  2051 | D:3      | Reached XP level 4. HP: 29/36 MP: 4/4
  2068 | D:3      | Noticed Robin
  2078 | D:3      | Killed Robin
  2083 | D:3      | Slain by a hobgoblin

Illustrated notes

Levels and vault maps discovered:
D:1:      lightli_arrival_isolated_outpost, layout_basic, minmay_pentomino_p4
D:2:      layout_loops_ring, serial_shops, shop,
          hellmonk_ecumenical_altar_zigzags, uniq_jessica
D:3:      layout_loops_ring, nicolae_overflow_crystal_walls,
          kennysheep_ying_yang, slow_altar_2,
          gammafunk_temple_overflow_elements, minmay_fractal_squares_diagonal_5,
          uniq_robin, uniq_crazy_yiuf_cottage

Skill      XL: |  1  2  3 |
---------------+----------+-----
Dodging        | 2 |  2.4
Fighting       | 2 |  2.2
Unarmed Combat | |  3.5
Shapeshifting  | |  3.8

Action                     |  1- 3 |  4- 6 || total
---------------------------+-------+-------++-------
  Melee: Unarmed           |    67 |    15 ||    82
         Tailslap          |     8 |     3 ||    11
         Punch             |     2 |       ||     2
   Fire: Longbow           |     1 |       ||     1
Ability: Begin Untransform |     1 |       ||     1
   Stab: Sleeping          |     2 |       ||     2
 Armour: Skin              |    11 |     7 ||    18
  Dodge: Dodged            |    31 |    20 ||    51
   Form: Beast             |     1 |       ||     1

Table legend: (Time is in decaauts)
 A = Elapsed time spent in this place.
 B = Non-inter-level travel time spent in this place.
 C = Inter-level travel time spent in this place.
 D = Time resting spent in this place.
 E = Time spent auto-exploring this place.
 F = Levels seen in this place.
 G = Mean time per level.
                   A        B        C        D        E       F      G
               +--------+--------+--------+--------+--------+-----+--------+
         Total |   2066 |   1937 |    129 |      0 |   1684 |   3 |  688.7 |
       Dungeon |   2066 |   1937 |    129 |      0 |   1684 |   3 |  688.7 |
               +--------+--------+--------+--------+--------+-----+--------+

Top non-repeatable levels by time:
     D:1: 1237 daAuts
     D:2: 767 daAuts
     D:3: 62 daAuts
